 Dungeon Crawl Stone Soup version 0.31-a0-675-g238779eb0a (webtiles) character file.

Game seed: 15792019563468921978

7 avis the Changeling (level 1, 8/9 HPs)
             Began as a Felid Shapeshifter on Sept 6, 2023.
             Got out of the dungeon alive.
             The game lasted 00:02:00 (107 turns).

avis the Changeling (Felid Shapeshifter)             Turns: 107, Time: 00:02:01

Health: 8/9        AC:  1    Str: 10    XL:     1   Next: 83%
Magic:  2/2        EV: 17    Int: 11    God:
Gold:   0          SH:  0    Dex: 15    Spells: 0/0 levels left
                                        Lives:  0   Deaths: 1

rFire   . .          .
                       - Unarmed
rCold   . . .        (shield unavailable)
rNeg    . . .        (body armour unavailable)
rPois   .            (helmet unavailable)
rElec   .            (cloak unavailable)
rCorr   .            (gloves unavailable)
SInv    +            (boots unavailable)
Will    .....        (no amulet)
Stlth   +            (no ring)
HPRegen 0.21/turn    (no ring)
MPRegen 0.08/turn

%: no passive effects
@: beast-form, quick
A: beast (slay +2), very small, claws 1, fangs 3, see invisible, speed 1, shaggy
fur 1, stealthy paws, no weapons or thrown items, no armour, multi-lived
a: Begin Untransformation


You escaped.
You were a hulking beast.
You visited 1 branch of the dungeon, and saw 1 of its levels.

Inventory:

Talismans
 b - a beast talisman (active)
 c - a flux talisman
Scrolls
 e - a scroll of teleportation {unknown}
Potions
 a - a potion of lignification
 d - a potion of heal wounds {unknown}


   Skills:
 * Level 1.3 Fighting
 - Level 3.0 Dodging
 - Level 3.0 Unarmed Combat
 - Level 3.5 Shapeshifting


You couldn't memorise any spells.
You didn't know any spells.
Your spell library was empty.

Dungeon Overview and Level Annotations

Branches:
Dungeon (1/15)

Altars:


Innate Abilities, Weirdness & Mutations

You are a hulking beast.
Your limbs bulge with bestial killing power. (Slay +2)
You have sharp claws.
You have razor-sharp teeth.
You have supernaturally acute eyesight. (SInv)
You cover ground quickly. (Speed+)
You are covered in fur. (AC +1)
Your paws help you pounce on unaware monsters.
You are incapable of wielding weapons or throwing items.
You cannot wear armour.
You gain extra lives every three experience levels.


Message History

The endoplasm is almost dead.
The ball python hisses angrily. x2
The endoplasm quivers.
The endoplasm freezes you.
You are frozen.
Ouch! That really hurt!
You die...
Your shape twists and changes as you die.
You rejoin the land of the living...
You scratch the endoplasm.
The endoplasm is lightly wounded.
The endoplasm closely misses you.
You claw the endoplasm!
You kill the endoplasm!
Training target 3.5 for Shapeshifting reached!
You need to enable at least one skill for training.
You closely miss the ball python. Your claw misses the ball python.
The ball python barely misses you. The ball python closely misses you.
The ball python bites you. The ball python closely misses you.
The ball python bites you. The ball python completely misses you.
You scratch the ball python.
You kill the ball python!
The ball python barely misses you. The ball python completely misses you.
You scratch the ball python.
You kill the ball python!
Training target 3.0 for Dodging reached!
Your Dodging skill increases to level 3!
You need to enable at least one skill for training.
The endoplasm closely misses you.
You scratch the endoplasm.
The endoplasm is severely wounded.
The endoplasm freezes you.
You are frozen.
You scratch the endoplasm.
You kill the endoplasm!
e - a scroll labelled SAALEF LAAPLAT You see here a ball python corpse.
Found 6 gold pieces.
There is a staircase leading out of the dungeon here.
You have escaped!

..##..)........###.........
.....#........## ##........
###..#........# #........
####..........## ##.......#
#..#...........###........#
#..#...........^..........#
.........###.........###..#
.##.....## ##.......## #.#
###.#...# #...h...# .# #
#.....## ##.......#
####.....###.........#
........................
...............###......
#....#........## ##......
.....#........# ......
..............# .....
##.#...........#


There were no monsters in sight!

Vanquished Creatures
  2 endoplasms (D:1)
  A goblin (D:1)
  2 ball pythons (D:1)
  A frilled lizard (D:1)
6 creatures vanquished.

Notes
Turn   | Place    | Note
-------+----------+-------------------------------------------
     0 | D:1      | avis the Felid Shapeshifter began the quest for the Orb.
     0 | D:1      | Reached XP level 1. HP: 9/9 MP: 2/2
    67 | D:1      | Frozen to death by an endoplasm
   107 | D:$      | Got out of the dungeon alive.

Illustrated notes

Levels and vault maps discovered:
D:1:      minmay_arrival_four_circles, layout_rooms, serial_shops, shop_statue,
          minmay_distorted

Skill      XL: |  1 |
---------------+----+-----
Dodging        | 3 |  3.0
Fighting       | |  1.3
Unarmed Combat | |  3.0
Shapeshifting  | |  3.5

Action                     || total
---------------------------++-------
  Melee: Unarmed           ||    14
 Armour: Skin              ||     2
  Dodge: Dodged            ||    10

Table legend: (Time is in decaauts)
 A = Elapsed time spent in this place.
 B = Non-inter-level travel time spent in this place.
 C = Inter-level travel time spent in this place.
 D = Time resting spent in this place.
 E = Time spent auto-exploring this place.
 F = Levels seen in this place.
 G = Mean time per level.
                   A        B        C        D        E       F      G
               +--------+--------+--------+--------+--------+-----+--------+
         Total |     88 |     71 |     17 |      0 |     37 |   1 |   88.0 |
       Dungeon |     88 |     71 |     17 |      0 |     37 |   1 |   88.0 |
               +--------+--------+--------+--------+--------+-----+--------+

Top non-repeatable levels by time:
     D:1: 88 daAuts
